 Dungeon Crawl Stone Soup version 0.28-a0-536-g4f1c8046e5 (webtiles) character file.

Game seed: 7642453084826336923

14 Crimsonway the Grave Robber (level 2, -6/19 HPs)
             Began as a Demonspawn Necromancer on Sept 27, 2021.
             Mangled by a worm (7 damage)
             ... on level 2 of the Dungeon.
             The game lasted 00:05:47 (1457 turns).

Crimsonway the Grave Robber (DsNe)                  Turns: 1457, Time: 00:05:49

Health: -6/19      AC:  2    Str:  8    XL:     2   Next: 27%
Magic:  8/14       EV: 12    Int: 16    God:
Gold:   49         SH:  0    Dex: 13    Spells: 4/5 levels left

rFire   . . .      SeeInvis .   b - +0 dagger
rCold   . . .      Faith    .   (no shield)
rNeg    . . .      Spirit   .   a - +0 robe
rPois   .          Reflect  .   (no helmet)
rElec   .          Harm     .   (no cloak)
rCorr   .          Rampage  .   (no gloves)
Will    .....                   (no boots)
Stlth   ++........              (no amulet)
HPRegen 0.06/turn               n - ring of magical power
MPRegen 0.14/turn               (no ring)

@: no status effects
A: talons 1
a: no special abilities


You were on level 2 of the Dungeon.
You visited 1 branch of the dungeon, and saw 2 of its levels.

You collected 49 gold pieces.

Inventory:

Hand Weapons
 b - a +0 dagger (weapon)
Missiles
 h - 11 bolts
 i - 2 poisoned darts
Armour
 a - a +0 robe (worn)
 j - a +0 robe
 k - a +0 leather armour
Jewellery
 n - a ring of magical power (left hand)
Scrolls
 c - a scroll of teleportation {unknown}
 f - a scroll of silence {unknown}
 l - a scroll of enchant weapon {unknown}
 o - a scroll of fear {unknown}
Potions
 d - a potion of mutation {unknown}
 e - a potion of cancellation {unknown}
 g - a potion of ambrosia {unknown}
 m - a potion of heal wounds {unknown}


   Skills:
 + Level 1.8 Dodging
 + Level 1.8 Stealth
 + Level 2.1 Spellcasting
 + Level 4.9 Necromancy


You had 4 spell levels left.
You knew the following spells:

 Your Spells              Type           Power      Damage    Failure   Level
a - Pain                  Necr           68%        1d7       2%          1

Your spell library contained the following spells:

 Spells                   Type           Power      Damage    Failure   Level
 Animate Skeleton         Necr           34%        N/A       2%          1
 Vampiric Draining        Necr           8%         2d7       9%          3
 Animate Dead             Necr           8%         N/A       26%         4
 Agony                    Necr           17%        N/A       58%         5


Dungeon Overview and Level Annotations

Branches:
Dungeon (2/15)

Altars:


Innate Abilities, Weirdness & Mutations

You have sharp toenails.


Message History

You miscast Pain.
You are very lightly contaminated with residual magic.
Nothing appears to happen.
Aiming: Pain (safe; 2% risk of failure)
Press: ? - help, Q - select action, (/) - cycle Shift-Dir - straight line, f/p - worm
Aim: a worm (chance to affect: 82%)
The worm writhes in agony.
Aiming: Pain (safe; 2% risk of failure)
Press: ? - help, Q - select action, (/) - cycle Shift-Dir - straight line, f/p - worm
Aim: a worm (lightly wounded, chance to affect: 82%)
The worm writhes in agony!
Aiming: Pain (safe; 2% risk of failure)
Press: ? - help, Q - select action, (/) - cycle Shift-Dir - straight line, f/p - worm
Aim: a worm (heavily wounded, chance to affect: 82%)
The worm barely resists.
Aiming: Pain (safe; 2% risk of failure)
Press: ? - help, Q - select action, (/) - cycle Shift-Dir - straight line, f/p - worm
Aim: a worm (heavily wounded, chance to affect: 82%)
The worm barely resists.
The worm misses you.
You barely miss the worm. You claw the worm.
The worm is heavily wounded.
You hit the worm. You claw the worm, but do no damage.
The worm is severely wounded.
The worm bites you.
Your magical contamination has completely faded away.
You completely miss the worm.
The worm is severely wounded.
The worm bites you!
* * * LOW HITPOINT WARNING * * *
Aiming: Pain (safe; 2% risk of failure)
Press: ? - help, Q - select action, (/) - cycle Shift-Dir - straight line, f/p - worm
Aim: a worm (heavily wounded, chance to affect: 82%)
The worm writhes in agony.
Aiming: Pain (safe; 2% risk of failure)
Press: ? - help, Q - select action, (/) - cycle Shift-Dir - straight line, f/p - worm
Aim: a worm (severely wounded, chance to affect: 82%)
The worm writhes in agony.
The worm bites you!
You die...

########## #........#
#........#
#........#############
#†.......'...........###
#........#######........
#........# #.###.###
#.<......# #.# ..
#####...## #@# . #...#
#w# ....# #.# ....## #.#
#.# ..# ###


You could see a worm.

Vanquished Creatures
  A dart slug (D:1)
  2 bats (D:1)
  An endoplasm (D:1)
  A giant cockroach (D:1)
  A quokka (D:1)
  2 kobolds (D:1)
  3 rats
11 creatures vanquished.

Vanquished Creatures (others)
  30 plants (D:1)
30 creatures vanquished.

Grand Total: 41 creatures vanquished

Notes
Turn   | Place    | Note
-------+----------+-------------------------------------------
     0 | D:1      | Crimsonway the Demonspawn Necromancer began the quest for
                  | the Orb.
     0 | D:1      | Reached XP level 1. HP: 13/13 MP: 3/3
   510 | D:1      | Gained mutation: You have sharp toenails. [demonic
                  | ancestry]
   510 | D:1      | Reached XP level 2. HP: 10/19 MP: 0/5
  1457 | D:2      | Mangled by a worm

Illustrated notes

Levels and vault maps discovered:
D:1:      eino_arrival_tree_alley, layout_basic
D:2:      layout_basic

Action                   || total
-------------------------++-------
Melee: Dagger            ||   125
       Unarmed           ||    42
       Kick              ||     4
 Cast: Pain              ||    23
Armor: Robe              ||    10
Dodge: Dodged            ||    22

Table legend: (Time is in decaauts)
 A = Elapsed time spent in this place.
 B = Non-inter-level travel time spent in this place.
 C = Inter-level travel time spent in this place.
 D = Time resting spent in this place.
 E = Time spent auto-exploring this place.
 F = Levels seen in this place.
 G = Mean time per level.
                   A        B        C        D        E       F      G
               +--------+--------+--------+--------+--------+-----+--------+
         Total |   1455 |   1021 |    434 |      0 |      0 |   2 |  727.5 |
       Dungeon |   1455 |   1021 |    434 |      0 |      0 |   2 |  727.5 |
               +--------+--------+--------+--------+--------+-----+--------+

Top non-repeatable levels by time:
     D:1: 1416 daAuts
     D:2: 39 daAuts
